 Dungeon Crawl Stone Soup version 0.29.0-7-g18a832c13a (webtiles) character file.

Game seed: 17931380751348251479

978 gelatine the Chiller (level 8, -3/59 HPs)
             Began as a Ghoul Ice Elementalist on Aug 31, 2022.
             Was an Elder of Cheibriados.
             Slain by a wight
             ... wielding a +0 battleaxe
              (4 damage)
             ... on level 6 of the Dungeon.
             The game lasted 00:21:02 (4917 turns).

gelatine the Chiller (Ghoul Ice Elementalist)       Turns: 4917, Time: 00:21:03

Health: -3/59      AC:  6    Str: 21    XL:     8   Next: 17%
Magic:  13/13      EV: 12    Int: 21    God:    Cheibriados [****..]
Gold:   14         SH:  0    Dex: 16    Spells: 9/16 levels left

rFire   + + .      SeeInvis +   G - +3 mace
rCold   + . .      Faith    .   (no shield)
rNeg    + + +      Spirit   .   k - +0 robe {Will+}
rPois   ∞          Reflect  .   c - +0 helmet
rElec   .          Harm     .   F - +2 cloak {Will+}
rCorr   .          Rampage  .   (no gloves)
Will    ++...                   (no boots)
Stlth   ++........              n - amulet of magic regeneration
HPRegen 0.00/turn               y - ring of Kiepsal {rF++ rN+++ Dex-2 SInv}
MPRegen 0.53/turn               (no ring)

@: about to teleport, inhibited regen, very slow
A: claws 1, cold resistance 1, negative energy resistance 3, inhibited
regeneration, torment resistance 2, devour on kill
a: Renounce Religion, Bend Time, Temporal Distortion, Slouch


You were on level 6 of the Dungeon.
You worshipped Cheibriados.
Cheibriados was greatly pleased with you.
You visited 2 branches of the dungeon, and saw 7 of its levels.

You collected 224 gold pieces.
You spent 210 gold pieces at shops.

Inventory:

Hand Weapons
 w - a +3 short sword
 x - a +0 dagger
 D - a +0 rapier
 G - a +3 mace (weapon)
Missiles
 s - 11 poisoned darts
Armour
 a - a +0 robe
 c - a +0 helmet (worn)
 k - a +0 robe of willpower (worn)
 F - a +2 cloak of willpower (worn)
Jewellery
 n - an amulet of magic regeneration (around neck)
 t - an amulet of guardian spirit
 y - the ring of Kiepsal (left claw) {rF++ rN+++ Dex-2 SInv}
   (You found it on level 5 of the Dungeon)

   [ring of see invisible]

   Dex:       It affects your dexterity (-2).
   rF:        It greatly protects you from fire.
   rN:        It renders you almost immune to negative energy.
   SInv:      It lets you see invisible.
Scrolls
 h - a scroll of amnesia {unknown}
 l - a scroll of blinking {unknown}
 p - a scroll of vulnerability {unknown}
 q - a scroll of enchant weapon {unknown}
 r - 4 scrolls of identify {unknown}
 z - a scroll of magic mapping {unknown}
 C - a scroll of poison {unknown}
 E - a scroll of torment {unknown}
Potions
 b - 2 potions of attraction {unknown}
 d - 3 potions of brilliance {unknown}
 e - 2 potions of berserk rage {unknown}
 g - 2 potions of curing {unknown}
 i - 2 potions of haste
 j - 2 potions of invisibility {unknown}
 m - 2 potions of might {unknown}
 o - a potion of lignification {unknown}
 u - 3 potions of cancellation {unknown}
 v - 2 potions of mutation {unknown}
 A - 2 potions of magic
 B - 2 potions of heal wounds {unknown}


   Skills:
 + Level 1.1 Fighting
 + Level 0.3 Short Blades
 + Level 0.1 Throwing
 + Level 2.4 Dodging
 + Level 2.6 Stealth
 + Level 0.8 Unarmed Combat
 + Level 4.5 Spellcasting
 + Level 7.6 Ice Magic
 * Level 4.1 Invocations


You had 9 spell levels left.
You knew the following spells:

 Your Spells              Type           Power      Damage    Failure   Level
a - Freeze                Ice            100%       1d11      1%          1
b - Frozen Ramparts       Ice            72%        1d11      1%          3
c - Ozocubu's Armour      Ice            36%        N/A       1%          3

Your spell library contained the following spells:

 Spells                   Type           Power      Damage    Failure   Level
 Apportation              Tloc           8%         N/A       12%         1
 Hailstorm                Conj/Ice       20%        3d6       24%         4
 Alistair's Intoxication  Tmut/Pois      2%         N/A       97%         5


Dungeon Overview and Level Annotations

Branches:
Dungeon (6/15)             Temple (1/1) D:4

Altars:
Ashenzari
Cheibriados
Dithmenos
Hepliaklqana
Makhleb
Nemelex Xobeh
Okawaru
Qazlal
Uskayaw
Xom

Shops:
D:5 =*   D:6 ![

Annotations:
D:6 Maggie


Innate Abilities, Weirdness & Mutations

You are immune to poison.
You have sharp fingernails.
Your flesh is cold resistant. (rC+)
You are immune to negative energy. (rN+++)
You do not regenerate when monsters are visible.
You are immune to unholy pain and torment.
You thrive by killing the living.


Message History

You hit the wight.
The wight is lightly damaged.
The wight barely misses you. The wight hits you with a +0 trident.
You hit the wight.
The wight is moderately damaged.
The wight hits you but does no damage. The wight misses you.
The wight barely misses you. The wight completely misses you.
You closely miss the wight.
The wight is moderately damaged.
The wight hits you with a +0 flail. The wight closely misses you.
You hit the wight.
The wight is moderately damaged.
The wight hits you with a +0 flail. The wight closely misses you.
You barely miss the wight.
The wight is moderately damaged.
The wight barely misses you. The wight closely misses you.
The wight hits you with a +0 battleaxe. The wight hits you but does no damage.
Your magical contamination has completely faded away.
As you read the scroll of teleportation, it crumbles to dust.
You feel strangely unstable. The wight hits you with a +0 flail.
The wight hits you with a +0 battleaxe!
* * * LOW HITPOINT WARNING * * *
The wight barely misses you.
A black bear and a bullfrog come into view.
The wight hits you but does no damage. The wight barely misses you.
The wight closely misses you. The wight barely misses you.
The wight attacks as you move away! The wight hits you but does no damage.
The wight hits you from afar with a +0 trident!
* * * LOW HITPOINT WARNING * * *
Your surroundings seem slightly different.
As you read the scroll of teleportation, it crumbles to dust.
You feel strangely unstable. The wight misses you.
The wight closely misses you.
Activating: Slouch (28% risk of failure)
Press: ? - help, Dir - look around, f - activate You fail to use your ability.
The wight hits you from afar with a +0 trident.
* * * LOW HITPOINT WARNING * * *
The wight hits you with a +0 battleaxe.
You die...

#.......###<.....<
#.#.##.....#....#.....
.........#....###......
.#.#.###<....... .#....
# #...#.###.........
####
##...#.......(.....
#.Fh#
#............#.....
#.... #[...............
#....##.@...#......#
.#.....#zz..........#
.........z#.#.......#
.........##.........#
.........##..........
.....................
...$........[.......@
##.......#...........
#.......#>..........


You could see 3 wights.

Vanquished Creatures
  2 water moccasins (D:6)
  An ice beast (D:6)
  An ogre (D:4)
  A scorpion (D:5)
  A wight (D:6)
  A howler monkey (D:5)
  2 hounds (D:5)
  An orc priest (D:5)
  5 iguanas
  Robin (D:2)
  9 adders
  A shadow imp (D:5)
  An ufetubus (D:5)
  A worm (D:2)
  2 dart slugs
  12 orcs
  5 endoplasms
  6 giant cockroaches
  11 goblins
  8 hobgoblins
  6 jackals
  5 quokkas
  4 ball pythons
  10 bats
  5 frilled lizards
  8 kobolds
  7 rats
117 creatures vanquished.

Notes
Turn   | Place    | Note
-------+----------+-------------------------------------------
     0 | D:1      | gelatine the Ghoul Ice Elementalist began the quest for the
                  | Orb.
     0 | D:1      | Reached XP level 1. HP: 14/14 MP: 2/2
   400 | D:1      | Reached XP level 2. HP: 15/20 MP: 0/3
   929 | D:1      | Reached XP level 3. HP: 26/26 MP: 2/5
  1155 | D:1      | Found a faded altar of an unknown god.
  1170 | D:1      | Prayed at the altar of an unknown god.
  1170 | D:1      | Became a worshipper of Cheibriados the Contemplative
  1170 | D:1      | Reached * piety under Cheibriados
  1234 | D:1      | Learned a level 3 spell: Frozen Ramparts
  1268 | D:2      | Reached skill level 5 in Ice Magic
  1281 | D:2      | Noticed Robin
  1301 | D:2      | Killed Robin
  1302 | D:2      | Reached XP level 4. HP: 12/34 MP: 1/6
  1303 | D:2      | Reached ** piety under Cheibriados
  1676 | D:2      | Found a snail-covered altar of Cheibriados.
  2483 | D:3      | Found an iron altar of Okawaru.
  2496 | D:3      | Found a snail-covered altar of Cheibriados.
  2963 | D:3      | Reached XP level 5. HP: 39/39 MP: 6/8
  3022 | D:3      | Reached *** piety under Cheibriados
  3228 | D:4      | Learned a level 3 spell: Ozocubu's Armour
  3355 | D:4      | Reached skill level 1 in Invocations
  3404 | D:4      | Noticed an ogre
  3414 | D:4      | Killed an ogre
  3415 | D:4      | Reached skill level 6 in Ice Magic
  3415 | D:4      | Reached XP level 6. HP: 39/46 MP: 2/9
  3565 | D:4      | Found a staircase to the Ecumenical Temple.
  3658 | Temple   | Entered the Ecumenical Temple
  3910 | D:5      | Entered Level 5 of the Dungeon
  3949 | D:5      | Identified the ring of Kiepsal {rF++ rN+++ Dex-2 SInv}
  3956 | D:5      | Identified the +5 trident of Modesty {antimagic, Str+3}
  4003 | D:5      | Found Cati Roupo's General Store.
  4061 | D:5      | Reached XP level 7. HP: 51/51 MP: 8/11
  4128 | D:5      | Reached **** piety under Cheibriados
  4402 | D:5      | Found Zalluwin's Jewellery Shop.
  4591 | D:6      | Reached skill level 1 in Fighting
  4618 | D:6      | Reached skill level 7 in Ice Magic
  4732 | D:6      | Found Reopuil's Antique Armour Shoppe.
  4743 | D:6      | Found Gyikis Fius's Distillery.
  4744 | D:6      | Bought a runed cloak for 210 gold pieces
  4777 | D:6      | Reached XP level 8. HP: 59/59 MP: 6/13
  4898 | D:6      | Noticed Maggie
  4913 | D:6      | HP: 2/59 [wight/+0 trident (9)]
  4917 | D:6      | Slain by a wight

Illustrated notes

Levels and vault maps discovered:
D:1:      nzn_arrival_crosshair, layout_basic, chequers_ecumenical_altar_island,
          minmay_tromino_mix6
D:2:      minmay_inner_zag, layout_basic, basic_altar, uniq_robin
D:3:      layout_basic, mainiacjoe_overflow_brackets,
          mainiacjoe_overflow_catwalk, nicolae_elevator_lobby_asterisk
D:4:      layout_rooms, minmay_temple_entry_drinking_statues
D:5:      layout_rooms, lemuel_tele_altar, serial_shops,
          nicolae_shop_statue_plus, minmay_shop_enchanted_jewellery
D:6:      layout_rooms, grunt_temple_overflow_magic_moments,
          ebering_ghost_reflecting_pool, serial_shops, kennysheep_little_box,
          nicolae_square_shop, nicolae_shop_stone, nicolae_shop_trees,
          nicolae_shop_crystal, serial_bayou_lagoon_a, minmay_misc_feat_hallway,
          kennysheep_path_1, minmay_unpleasant_kobolds, uniq_blork_the_orc,
          uniq_maggie
Temple:   dpeg_chambers_temple

Skill      XL: |  1  2  3  4  5  6  7 |
---------------+----------------------+-----
Spellcasting   | 2 3 4 |  4.5
Dodging        | 2 |  2.4
Ice Magic      | 5 6 7 |  7.6
Invocations    | 1 2 4 |  4.1
Fighting       | 1 |  1.1
Short Blades   | |  0.3
Throwing       | |  0.1
Stealth        | |  2.6
Unarmed Combat | |  0.8

Action                   |  1- 3 |  4- 6 |  7- 9 || total
-------------------------+-------+-------+-------++-------
Melee: Unarmed           |    53 |     6 |       ||    59
       Short sword       |       |     3 |    39 ||    42
       Mace              |       |       |     5 ||     5
Throw: Dart              |       |     2 |       ||     2
 Cast: Freeze            |    41 |    90 |    36 ||   167
       Frozen Ramparts   |     2 |     2 |     4 ||     8
       Ozocubu's Armour  |       |     2 |     3 ||     5
  Use: Potion            |     1 |       |       ||     1
       Scroll            |       |     2 |     2 ||     4
 Stab: Sleeping          |       |     1 |       ||     1
Armor: Robe              |    35 |    21 |    25 ||    81
Dodge: Dodged            |    71 |    66 |    55 ||   192
